Wild vs Canucks

Created - December 14 2010 at 19:02

Goals
1 2 3 T
Wild 0 0 0 0
Canucks 0 3 0 3
Shots
1 2 3 T
Wild 4 7 8 19
Canucks 6 18 3 27

Period #1

No Goal

Penalties :
Mike Komisarek (VAN) for Hooking (Minor) at 2:11, Freddy Meyer (MIN) for Roughing (Minor) at 5:46, Joe Thornton (VAN) for Holding (Minor) at 10:44, Freddy Meyer (MIN) for Holding (Minor) at 15:10, Daniel Alfredsson (MIN) for Holding (Minor) at 19:13

Period #2

1. Canucks , Matthew Carle 11 (David Backes, Brandon Sutter) at 1:33 (PP)
2. Canucks , Ian White 6 (David Backes, Tomas Holmstrom) at 7:19 (PP)
3. Canucks , David Backes 14 (Mike Komisarek, Martin Hanzal) at 13:52

Penalties :
Michal Rozsival (MIN) for High sticking (Minor) at 1:08, Milan Lucic (VAN) for Cross-checking (Minor) at 1:35, Aaron Ward (MIN) for Hooking (Minor) at 6:51, Mike Komisarek (VAN) for Hooking (Minor) at 18:45

Period #3

No Goal

Penalties :
Ian White (VAN) for Hooking (Minor) at 11:50, Aaron Ward (MIN) for Slashing (Minor) at 18:38

Goalie Stats

Ilya Bryzgalov (MIN), 24 saves from 27 shots - (0.889), L, 18-13-2, 60:00 minutes
Henrik Lundqvist (VAN), 19 saves from 19 shots - (1.000), W, 13-8-1, 60:00 minutes

Players Stats

Wild
Player Name              G  A  P  +/- PIM S  H  SB FO    MP 
------------------------------------------------------------
Aaron Ward               0  0  0   0  4   1  1  1  0/0   15 
Brian Willsie            0  0  0   0  0   1  0  0  1/1   15 
Chris Drury              0  0  0   0  0   1  2  0  11/20 18 
Christopher Higgins      0  0  0  -1  0   1  1  1  1/1   20 
Daniel Alfredsson        0  0  0   0  2   1  0  0  0/2   19 
Freddy Meyer             0  0  0   0  4   2  1  1  0/0   19 
Greg Zanon               0  0  0   0  0   2  2  2  0/0   20 
Jan Hejda                0  0  0   0  0   0  0  2  0/0   20 
Jay Leach                0  0  0   0  0   0  0  0  0/0   1  
Joe Pavelski             0  0  0  -1  0   2  1  1  13/25 22 
Martin St. Louis         0  0  0   0  0   0  2  0  0/2   19 
Michal Rozsival          0  0  0  -1  2   3  5  0  0/0   21 
Milan Hejduk             0  0  0  -1  0   2  1  0  1/1   18 
Olli Jokinen             0  0  0   0  0   0  0  0  3/7   7  
Rob Niedermayer          0  0  0   0  0   0  0  0  8/17  17 
Robert Lang              0  0  0   0  0   0  0  0  0/0   5  
Ryan Whitney             0  0  0  -1  0   0  0  1  0/0   21 
Stephane Yelle           0  0  0   0  0   3  2  0  0/0   15 
Canucks
Player Name              G  A  P  +/- PIM S  H  SB FO    MP 
------------------------------------------------------------
Brandon Sutter           0  1  1   0  0   1  0  0  7/13  14 
Bruno Gervais            0  0  0   0  0   0  0  0  0/0   8  
Corey Perry              0  0  0   0  0   7  4  0  0/1   20 
David Backes             1  2  3   1  0   1  6  0  1/4   17 
Duncan Keith             0  0  0   0  0   3  0  0  0/0   23 
Erik Karlsson            0  0  0   0  0   0  1  0  0/0   15 
Fedor Tyutin             0  0  0   1  0   1  1  1  0/0   17 
Ian White                1  0  1   0  2   1  0  1  0/0   20 
Jay McClement            0  0  0   0  0   0  1  0  11/18 12 
Joe Thornton             0  0  0   0  2   0  2  0  6/16  16 
Loui Eriksson            0  0  0   0  0   4  0  0  0/1   16 
Martin Hanzal            0  1  1   1  0   2  1  1  10/19 17 
Matthew Carle            1  0  1   0  0   3  0  1  0/0   22 
Mike Komisarek           0  1  1   1  4   0  5  0  0/0   13 
Milan Lucic              0  0  0   0  2   0  2  0  2/3   10 
Ryan Kesler              0  0  0   0  0   1  2  1  1/1   18 
Tomas Holmstrom          0  1  1   1  0   1  0  0  0/0   15 
Valtteri Filppula        0  0  0   0  0   2  1  0  0/0   15 

3 Stars

1 - David Backes (VAN)
2 - Henrik Lundqvist (VAN)
3 - Matthew Carle (VAN)

Power Play

Wild - 0 on 5 Attempt(s) - 0.00%
Canucks - 2 on 6 Attempt(s) - 33.33%

Penalty Kill

Wild - 4 on 6 Attempt(s) - 66.67% - Score 0 goal in Penalty Kill
Canucks - 5 on 5 Attempt(s) - 100.00% - Score 0 goal in Penalty Kill

Game Notes

No Game Note

Finance

Level 1 -- Attendance: 6500 (100.00%) -- Ticket Income $520,000.00
Level 2 -- Attendance: 3775 (75.50%) -- Ticket Income $245,375.00
Level 3 -- Attendance: 1791 (51.17%) -- Ticket Income $89,550.00
Level 4 -- Attendance: 1878 (71.41%) -- Ticket Income $46,950.00
Luxury Box -- Attendance: 614 (61.40%) -- Ticket Income $153,500.00
Game was played at the General Motors Place
Total Attendance: 14558 (78.14%)
Total Ticket Income: $1,113,936.00
Other Income: $204,347.70
Total Income: $1,318,284.00


Play by Play

Period #1

0:01 of 1st period - Chris Drury wins face-off versus Joe Thornton in neutral zone.
0:03 of 1st period - Off-side.
0:04 of 1st period - Joe Thornton wins face-off versus Joe Pavelski in neutral zone.
0:44 of 1st period - Icing by Ian White.
0:45 of 1st period - Joe Thornton wins face-off versus Chris Drury in Canucks zone.
1:20 of 1st period - Shot by Corey Perry.
1:20 of 1st period - Shot Misses the Net.
2:00 of 1st period - Shot by Rob Niedermayer.
2:00 of 1st period - Shot Misses the Net.
2:02 of 1st period - Shot by Stephane Yelle.
2:02 of 1st period - Stopped by Henrik Lundqvist without a rebound.
2:03 of 1st period - Joe Pavelski wins face-off versus Martin Hanzal in Canucks zone.
2:03 of 1st period - Michal Rozsival is hit by Mike Komisarek and loses puck.
2:11 of 1st period - Minor Penalty to Mike Komisarek for Hooking.
2:12 of 1st period - Jay McClement wins face-off versus Joe Pavelski in Canucks zone.
2:12 of 1st period - Jay McClement is hit by Joe Pavelski.
3:37 of 1st period - Shot by Daniel Alfredsson.
3:37 of 1st period - Shot Blocked by Fedor Tyutin.
4:09 of 1st period - Shot by Martin St. Louis.
4:09 of 1st period - Shot Misses the Net.
4:11 of 1st period - Shot by Michal Rozsival.
4:11 of 1st period - Stopped by Henrik Lundqvist without a rebound.
4:12 of 1st period - Milan Lucic wins face-off versus Rob Niedermayer in Canucks zone.
4:14 of 1st period - Icing by Duncan Keith.
4:15 of 1st period - Rob Niedermayer wins face-off versus Corey Perry in Canucks zone.
4:24 of 1st period - Shot by Corey Perry.
4:24 of 1st period - Stopped by Ilya Bryzgalov with a rebound.
4:26 of 1st period - Shot by Jay McClement.
4:26 of 1st period - Shot Misses the Net.
4:30 of 1st period - Shot by Corey Perry.
4:30 of 1st period - Stopped by Ilya Bryzgalov without a rebound.
4:31 of 1st period - Chris Drury wins face-off versus David Backes in Wild zone.
4:31 of 1st period - Chris Drury is hit by David Backes.
5:00 of 1st period - Daniel Alfredsson is hit by Mike Komisarek and loses puck.
5:11 of 1st period - Fedor Tyutin is hit by Greg Zanon and loses puck.
5:38 of 1st period - Shot by Michal Rozsival.
5:38 of 1st period - Stopped by Henrik Lundqvist without a rebound.
5:39 of 1st period - Brandon Sutter wins face-off versus Rob Niedermayer in Canucks zone.
5:39 of 1st period - Brandon Sutter is hit by Stephane Yelle.
5:46 of 1st period - Minor Penalty to Freddy Meyer for Roughing.
5:47 of 1st period - Rob Niedermayer wins face-off versus Joe Thornton in Wild zone.
5:47 of 1st period - Ryan Whitney is hit by Joe Thornton and loses puck.
6:00 of 1st period - Shot by Loui Eriksson.
6:00 of 1st period - Stopped by Ilya Bryzgalov without a rebound.
6:01 of 1st period - Rob Niedermayer wins face-off versus Brandon Sutter in Wild zone.
6:48 of 1st period - Shot by Corey Perry.
6:48 of 1st period - Deflect By Loui Eriksson.
6:48 of 1st period - Shot Misses the Net.
8:15 of 1st period - Shot by Corey Perry.
8:15 of 1st period - Stopped by Ilya Bryzgalov without a rebound.
8:16 of 1st period - Milan Hejduk wins face-off versus Joe Thornton in Wild zone.
8:16 of 1st period - Milan Hejduk is hit by Joe Thornton.
9:54 of 1st period - Shot by Valtteri Filppula.
9:54 of 1st period - Shot Misses the Net.
9:56 of 1st period - Shot by Corey Perry.
9:56 of 1st period - Stopped by Ilya Bryzgalov without a rebound.
9:57 of 1st period - Chris Drury wins face-off versus Jay McClement in Wild zone.
10:01 of 1st period - Icing by Martin St. Louis.
10:02 of 1st period - Chris Drury wins face-off versus Jay McClement in Wild zone.
10:29 of 1st period - Jan Hejda is hit by Milan Lucic.
10:44 of 1st period - Minor Penalty to Joe Thornton for Holding.
10:45 of 1st period - Martin Hanzal wins face-off versus Olli Jokinen in Canucks zone.
10:53 of 1st period - Off-side.
10:54 of 1st period - Olli Jokinen wins face-off versus Martin Hanzal in neutral zone.
11:06 of 1st period - Icing by Chris Drury.
11:07 of 1st period - Jay McClement wins face-off versus Olli Jokinen in Wild zone.
11:27 of 1st period - Shot by Brian Willsie.
11:27 of 1st period - Shot Blocked by Ryan Kesler.
11:39 of 1st period - Martin St. Louis is hit by Ryan Kesler and loses puck.
12:19 of 1st period - Valtteri Filppula is hit by Milan Hejduk and loses puck.
12:40 of 1st period - Shot by Daniel Alfredsson.
12:40 of 1st period - Deflect By Olli Jokinen.
12:40 of 1st period - Shot Misses the Net.
13:00 of 1st period - Shot by Valtteri Filppula.
13:00 of 1st period - Stopped by Ilya Bryzgalov without a rebound.
13:01 of 1st period - David Backes wins face-off versus Chris Drury in Wild zone.
13:47 of 1st period - Icing by Jan Hejda.
13:48 of 1st period - Chris Drury wins face-off versus Joe Thornton in Wild zone.
14:07 of 1st period - Shot by Stephane Yelle.
14:07 of 1st period - Stopped by Henrik Lundqvist without a rebound.
14:08 of 1st period - Martin Hanzal wins face-off versus Joe Pavelski in Canucks zone.
14:23 of 1st period - Shot by David Backes.
14:23 of 1st period - Deflect By Tomas Holmstrom.
14:23 of 1st period - Shot Misses the Net.
14:45 of 1st period - Shot by David Backes.
14:45 of 1st period - Shot Misses the Net.
15:10 of 1st period - Minor Penalty to Freddy Meyer for Holding.
15:11 of 1st period - Joe Thornton wins face-off versus Chris Drury in Wild zone.
17:46 of 1st period - Icing by Stephane Yelle.
17:47 of 1st period - Brandon Sutter wins face-off versus Rob Niedermayer in Wild zone.
19:13 of 1st period - Minor Penalty to Daniel Alfredsson for Holding.
19:14 of 1st period - Martin Hanzal wins face-off versus Chris Drury in Wild zone.
19:34 of 1st period - Off-side.
19:35 of 1st period - Chris Drury wins face-off versus Milan Lucic in neutral zone.
19:55 of 1st period - Off-side.
19:56 of 1st period - Chris Drury wins face-off versus Joe Thornton in neutral zone.

Period #2

0:01 of 2nd period - Joe Thornton wins face-off versus Chris Drury in neutral zone.
0:06 of 2nd period - Shot by Duncan Keith.
0:06 of 2nd period - Stopped by Ilya Bryzgalov without a rebound.
0:07 of 2nd period - Rob Niedermayer wins face-off versus Brandon Sutter in Wild zone.
0:07 of 2nd period - Rob Niedermayer is hit by David Backes.
0:43 of 2nd period - Shot by Brandon Sutter.
0:43 of 2nd period - Stopped by Ilya Bryzgalov with a rebound.
0:45 of 2nd period - Shot by Matthew Carle.
0:45 of 2nd period - Stopped by Ilya Bryzgalov without a rebound.
0:46 of 2nd period - Rob Niedermayer wins face-off versus Joe Thornton in Wild zone.
1:08 of 2nd period - Minor Penalty to Michal Rozsival for High sticking.
1:09 of 2nd period - Joe Thornton wins face-off versus Chris Drury in Wild zone.
1:16 of 2nd period - Shot by Loui Eriksson.
1:16 of 2nd period - Deflect By Joe Thornton.
1:16 of 2nd period - Shot Misses the Net.
1:18 of 2nd period - Shot by Duncan Keith.
1:18 of 2nd period - Stopped by Ilya Bryzgalov without a rebound.
1:19 of 2nd period - Brandon Sutter wins face-off versus Rob Niedermayer in Wild zone.
1:25 of 2nd period - Shot by Ian White.
1:25 of 2nd period - Shot Blocked by Greg Zanon.
1:27 of 2nd period - Shot by Brandon Sutter.
1:27 of 2nd period - Shot Misses the Net.
1:29 of 2nd period - Shot by Matthew Carle.
1:29 of 2nd period - Shot Misses the Net.
1:31 of 2nd period - Shot by David Backes.
1:31 of 2nd period - Shot Blocked by Jan Hejda.
1:33 of 2nd period - Shot by Matthew Carle.
1:33 of 2nd period - Goal by Matthew Carle - Wild : 0 - Canucks : 1.
1:34 of 2nd period - Joe Pavelski wins face-off versus Jay McClement in neutral zone.
1:34 of 2nd period - Ryan Whitney is hit by Jay McClement.
1:35 of 2nd period - Minor Penalty to Milan Lucic for Cross-checking.
1:36 of 2nd period - Joe Pavelski wins face-off versus Jay McClement in Canucks zone.
1:36 of 2nd period - Martin St. Louis is hit by Fedor Tyutin and loses puck.
2:14 of 2nd period - Shot by Martin St. Louis.
2:14 of 2nd period - Shot Blocked by Ian White.
2:53 of 2nd period - Shot by Christopher Higgins.
2:53 of 2nd period - Stopped by Henrik Lundqvist without a rebound.
2:54 of 2nd period - Martin Hanzal wins face-off versus Olli Jokinen in Canucks zone.
3:23 of 2nd period - Shot by Freddy Meyer.
3:23 of 2nd period - Stopped by Henrik Lundqvist without a rebound.
3:24 of 2nd period - Jay McClement wins face-off versus Joe Pavelski in Canucks zone.
3:24 of 2nd period - Jay McClement is hit by Martin St. Louis.
3:50 of 2nd period - Shot by Corey Perry.
3:50 of 2nd period - Stopped by Ilya Bryzgalov with a rebound.
3:58 of 2nd period - Shot by Aaron Ward.
3:58 of 2nd period - Stopped by Henrik Lundqvist without a rebound.
3:59 of 2nd period - Martin Hanzal wins face-off versus Joe Pavelski in Canucks zone.
4:51 of 2nd period - Jay McClement is hit by Chris Drury and loses puck.
5:21 of 2nd period - Off-side.
5:22 of 2nd period - Brian Willsie wins face-off versus Joe Thornton in neutral zone.
5:41 of 2nd period - Shot by Stephane Yelle.
5:41 of 2nd period - Stopped by Henrik Lundqvist without a rebound.
5:42 of 2nd period - Brandon Sutter wins face-off versus Joe Pavelski in Canucks zone.
6:15 of 2nd period - Shot by Valtteri Filppula.
6:15 of 2nd period - Shot Blocked by Christopher Higgins.
6:17 of 2nd period - Shot by Brandon Sutter.
6:17 of 2nd period - Shot Misses the Net.
6:36 of 2nd period - Shot by Ryan Kesler.
6:36 of 2nd period - Shot Misses the Net.
6:38 of 2nd period - Shot by Ryan Kesler.
6:38 of 2nd period - Shot Blocked by Ryan Whitney.
6:40 of 2nd period - Shot by Ryan Kesler.
6:40 of 2nd period - Shot Misses the Net.
6:46 of 2nd period - Shot by Loui Eriksson.
6:46 of 2nd period - Stopped by Ilya Bryzgalov without a rebound.
6:47 of 2nd period - Martin Hanzal wins face-off versus Rob Niedermayer in Wild zone.
6:51 of 2nd period - Minor Penalty to Aaron Ward for Hooking.
6:52 of 2nd period - Brandon Sutter wins face-off versus Chris Drury in Wild zone.
6:52 of 2nd period - Tomas Holmstrom is hit by Greg Zanon and loses puck.
7:15 of 2nd period - Shot by David Backes.
7:15 of 2nd period - Shot Blocked by Freddy Meyer.
7:19 of 2nd period - Shot by Ian White.
7:19 of 2nd period - Goal by Ian White - Wild : 0 - Canucks : 2.
7:20 of 2nd period - Milan Lucic wins face-off versus Rob Niedermayer in neutral zone.
7:23 of 2nd period - Shot by Corey Perry.
7:23 of 2nd period - Stopped by Ilya Bryzgalov with a rebound.
7:25 of 2nd period - Shot by Duncan Keith.
7:25 of 2nd period - Deflect By Milan Lucic.
7:25 of 2nd period - Shot Blocked by Aaron Ward.
9:11 of 2nd period - Shot by Joe Pavelski.
9:11 of 2nd period - Stopped by Henrik Lundqvist with a rebound.
9:13 of 2nd period - Shot by Milan Hejduk.
9:13 of 2nd period - Shot Misses the Net.
9:15 of 2nd period - Shot by Joe Pavelski.
9:15 of 2nd period - Shot Misses the Net.
9:57 of 2nd period - Off-side.
9:58 of 2nd period - Joe Pavelski wins face-off versus Brandon Sutter in neutral zone.
10:52 of 2nd period - Ryan Whitney is hit by Corey Perry and loses puck.
11:03 of 2nd period - Duncan Keith is hit by Christopher Higgins and loses puck.
12:02 of 2nd period - Shot by Matthew Carle.
12:02 of 2nd period - Stopped by Ilya Bryzgalov without a rebound.
12:03 of 2nd period - Chris Drury wins face-off versus Martin Hanzal in Wild zone.
12:03 of 2nd period - Chris Drury is hit by David Backes.
12:08 of 2nd period - Greg Zanon is hit by David Backes and loses puck.
12:22 of 2nd period - Shot by Martin Hanzal.
12:22 of 2nd period - Deflect By Tomas Holmstrom.
12:22 of 2nd period - Shot Misses the Net.
12:24 of 2nd period - Shot by David Backes.
12:24 of 2nd period - Shot Misses the Net.
12:35 of 2nd period - Shot by Fedor Tyutin.
12:35 of 2nd period - Stopped by Ilya Bryzgalov without a rebound.
12:36 of 2nd period - Jay McClement wins face-off versus Joe Pavelski in Wild zone.
12:38 of 2nd period - Corey Perry is hit by Michal Rozsival and loses puck.
12:41 of 2nd period - Shot by Corey Perry.
12:41 of 2nd period - Shot Hit the Post.
12:43 of 2nd period - Shot by Jay McClement.
12:43 of 2nd period - Shot Blocked by Joe Pavelski.
12:47 of 2nd period - Shot by Corey Perry.
12:47 of 2nd period - Shot Misses the Net.
12:51 of 2nd period - Shot by Corey Perry.
12:51 of 2nd period - Stopped by Ilya Bryzgalov without a rebound.
12:52 of 2nd period - Joe Pavelski wins face-off versus Joe Thornton in Wild zone.
13:03 of 2nd period - Shot by Loui Eriksson.
13:03 of 2nd period - Stopped by Ilya Bryzgalov without a rebound.
13:04 of 2nd period - Martin Hanzal wins face-off versus Joe Pavelski in Wild zone.
13:04 of 2nd period - Martin Hanzal is hit by Michal Rozsival.
13:14 of 2nd period - Shot by Tomas Holmstrom.
13:14 of 2nd period - Stopped by Ilya Bryzgalov without a rebound.
13:15 of 2nd period - Chris Drury wins face-off versus Joe Thornton in Wild zone.
13:32 of 2nd period - Shot by Ian White.
13:32 of 2nd period - Shot Blocked by Greg Zanon.
13:34 of 2nd period - Shot by Loui Eriksson.
13:34 of 2nd period - Stopped by Ilya Bryzgalov without a rebound.
13:35 of 2nd period - Martin Hanzal wins face-off versus Joe Pavelski in Wild zone.
13:48 of 2nd period - Shot by Martin Hanzal.
13:48 of 2nd period - Stopped by Ilya Bryzgalov with a rebound.
13:50 of 2nd period - Shot by Mike Komisarek.
13:50 of 2nd period - Shot Misses the Net.
13:52 of 2nd period - Shot by David Backes.
13:52 of 2nd period - Goal by David Backes - Wild : 0 - Canucks : 3.
13:53 of 2nd period - Rob Niedermayer wins face-off versus Brandon Sutter in neutral zone.
13:53 of 2nd period - Rob Niedermayer is hit by Valtteri Filppula.
13:58 of 2nd period - Brian Willsie is hit by Corey Perry and loses puck.
14:15 of 2nd period - Freddy Meyer is hit by Corey Perry and loses puck.
14:22 of 2nd period - Shot by Valtteri Filppula.
14:22 of 2nd period - Stopped by Ilya Bryzgalov with a rebound.
16:50 of 2nd period - Shot by Corey Perry.
16:50 of 2nd period - Shot Misses the Net.
17:05 of 2nd period - Icing by Aaron Ward.
17:06 of 2nd period - Jay McClement wins face-off versus Rob Niedermayer in Wild zone.
17:31 of 2nd period - Icing by Jay McClement.
17:32 of 2nd period - Jay McClement wins face-off versus Chris Drury in Canucks zone.
18:45 of 2nd period - Minor Penalty to Mike Komisarek for Hooking.
18:46 of 2nd period - Joe Pavelski wins face-off versus Martin Hanzal in Canucks zone.
18:49 of 2nd period - Shot by Ryan Whitney.
18:49 of 2nd period - Shot Blocked by Martin Hanzal.
18:51 of 2nd period - Shot by Joe Pavelski.
18:51 of 2nd period - Shot Misses the Net.
18:53 of 2nd period - Shot by Milan Hejduk.
18:53 of 2nd period - Stopped by Henrik Lundqvist without a rebound.
18:54 of 2nd period - Joe Pavelski wins face-off versus Martin Hanzal in Canucks zone.
19:13 of 2nd period - Shot by Milan Hejduk.
19:13 of 2nd period - Stopped by Henrik Lundqvist without a rebound.
19:14 of 2nd period - Joe Pavelski wins face-off versus Jay McClement in Canucks zone.

Period #3

0:01 of 3rd period - Jay McClement wins face-off versus Joe Pavelski in neutral zone.
0:14 of 3rd period - Shot by Martin St. Louis.
0:14 of 3rd period - Shot Misses the Net.
0:16 of 3rd period - Shot by Michal Rozsival.
0:16 of 3rd period - Stopped by Henrik Lundqvist without a rebound.
0:17 of 3rd period - Olli Jokinen wins face-off versus Jay McClement in Canucks zone.
0:18 of 3rd period - Shot by Daniel Alfredsson.
0:18 of 3rd period - Shot Misses the Net.
0:20 of 3rd period - Shot by Christopher Higgins.
0:20 of 3rd period - Shot Blocked by Matthew Carle.
0:27 of 3rd period - Shot by Jan Hejda.
0:27 of 3rd period - Shot Misses the Net.
0:29 of 3rd period - Shot by Jan Hejda.
0:29 of 3rd period - Shot Misses the Net.
0:31 of 3rd period - Shot by Freddy Meyer.
0:31 of 3rd period - Stopped by Henrik Lundqvist without a rebound.
0:32 of 3rd period - Joe Pavelski wins face-off versus Martin Hanzal in Canucks zone.
1:01 of 3rd period - Shot by Aaron Ward.
1:01 of 3rd period - Shot Misses the Net.
1:04 of 3rd period - Icing by Bruno Gervais.
1:05 of 3rd period - Jay McClement wins face-off versus Daniel Alfredsson in Canucks zone.
1:44 of 3rd period - Off-side.
1:45 of 3rd period - Joe Pavelski wins face-off versus Martin Hanzal in neutral zone.
1:45 of 3rd period - Joe Pavelski is hit by David Backes.
2:02 of 3rd period - Joe Pavelski is hit by Mike Komisarek and loses puck.
2:24 of 3rd period - Icing by Mike Komisarek.
2:25 of 3rd period - Rob Niedermayer wins face-off versus Martin Hanzal in Canucks zone.
2:25 of 3rd period - Brian Willsie is hit by Mike Komisarek and loses puck.
2:48 of 3rd period - Brian Willsie is hit by Mike Komisarek.
3:37 of 3rd period - Shot by Daniel Alfredsson.
3:37 of 3rd period - Shot Misses the Net.
3:39 of 3rd period - Shot by Chris Drury.
3:39 of 3rd period - Stopped by Henrik Lundqvist without a rebound.
3:40 of 3rd period - Joe Pavelski wins face-off versus Brandon Sutter in Canucks zone.
3:40 of 3rd period - Joe Pavelski is hit by Erik Karlsson.
3:45 of 3rd period - Icing by Duncan Keith.
3:46 of 3rd period - Brandon Sutter wins face-off versus Daniel Alfredsson in Canucks zone.
3:46 of 3rd period - Brandon Sutter is hit by Chris Drury.
4:34 of 3rd period - Greg Zanon is hit by Corey Perry and loses puck.
5:13 of 3rd period - Shot by Milan Hejduk.
5:13 of 3rd period - Shot Misses the Net.
5:31 of 3rd period - Shot by Joe Pavelski.
5:31 of 3rd period - Shot Misses the Net.
5:58 of 3rd period - Shot by Rob Niedermayer.
5:58 of 3rd period - Deflect By Brian Willsie.
5:58 of 3rd period - Stopped by Henrik Lundqvist without a rebound.
5:59 of 3rd period - Martin Hanzal wins face-off versus Rob Niedermayer in Canucks zone.
6:38 of 3rd period - Shot by Martin Hanzal.
6:38 of 3rd period - Deflect By Tomas Holmstrom.
6:38 of 3rd period - Shot Misses the Net.
7:15 of 3rd period - Shot by Corey Perry.
7:15 of 3rd period - Shot Misses the Net.
7:17 of 3rd period - Shot by Brandon Sutter.
7:17 of 3rd period - Shot Misses the Net.
7:31 of 3rd period - Shot by Corey Perry.
7:31 of 3rd period - Shot Misses the Net.
9:33 of 3rd period - Martin St. Louis is hit by Martin Hanzal.
9:44 of 3rd period - Icing by Greg Zanon.
9:45 of 3rd period - Joe Thornton wins face-off versus Martin St. Louis in Wild zone.
10:00 of 3rd period - Shot by Ryan Kesler.
10:00 of 3rd period - Stopped by Ilya Bryzgalov without a rebound.
10:01 of 3rd period - Brandon Sutter wins face-off versus Joe Pavelski in Wild zone.
10:15 of 3rd period - Valtteri Filppula is hit by Michal Rozsival.
10:26 of 3rd period - Valtteri Filppula is hit by Michal Rozsival and loses puck.
11:43 of 3rd period - Icing by Michal Rozsival.
11:44 of 3rd period - Joe Pavelski wins face-off versus Loui Eriksson in Wild zone.
11:44 of 3rd period - Milan Hejduk is hit by Ryan Kesler and loses puck.
11:50 of 3rd period - Minor Penalty to Ian White for Hooking.
11:51 of 3rd period - Jay McClement wins face-off versus Joe Pavelski in Canucks zone.
11:51 of 3rd period - Jay McClement is hit by Martin St. Louis.
12:08 of 3rd period - Ryan Kesler is hit by Michal Rozsival and loses puck.
12:13 of 3rd period - Shot by Joe Pavelski.
12:13 of 3rd period - Stopped by Henrik Lundqvist without a rebound.
12:14 of 3rd period - Olli Jokinen wins face-off versus Martin Hanzal in Canucks zone.
12:24 of 3rd period - Shot by Daniel Alfredsson.
12:24 of 3rd period - Stopped by Henrik Lundqvist without a rebound.
12:25 of 3rd period - Jay McClement wins face-off versus Martin St. Louis in Canucks zone.
12:39 of 3rd period - Shot by Greg Zanon.
12:39 of 3rd period - Stopped by Henrik Lundqvist without a rebound.
12:40 of 3rd period - Martin Hanzal wins face-off versus Olli Jokinen in Canucks zone.
12:53 of 3rd period - Shot by Greg Zanon.
12:53 of 3rd period - Stopped by Henrik Lundqvist without a rebound.
12:54 of 3rd period - Joe Pavelski wins face-off versus David Backes in Canucks zone.
13:52 of 3rd period - Shot by Joe Thornton.
13:52 of 3rd period - Shot Blocked by Jan Hejda.
14:13 of 3rd period - Robert Lang is hit by David Backes and loses puck.
14:31 of 3rd period - Icing by Jan Hejda.
14:32 of 3rd period - Jay McClement wins face-off versus Chris Drury in Wild zone.
14:50 of 3rd period - Icing by Greg Zanon.
14:51 of 3rd period - Chris Drury wins face-off versus Brandon Sutter in Wild zone.
15:55 of 3rd period - Shot by David Backes.
15:55 of 3rd period - Shot Hit the Post.
15:57 of 3rd period - Shot by Tomas Holmstrom.
15:57 of 3rd period - Shot Misses the Net.
15:59 of 3rd period - Shot by Martin Hanzal.
15:59 of 3rd period - Shot Misses the Net.
16:01 of 3rd period - Shot by Martin Hanzal.
16:01 of 3rd period - Stopped by Ilya Bryzgalov with a rebound.
16:49 of 3rd period - Icing by Michal Rozsival.
16:50 of 3rd period - Christopher Higgins wins face-off versus Jay McClement in Wild zone.
16:54 of 3rd period - Joe Pavelski is hit by Milan Lucic and loses puck.
17:40 of 3rd period - Off-side.
17:41 of 3rd period - Ryan Kesler wins face-off versus Rob Niedermayer in neutral zone.
17:41 of 3rd period - Ryan Kesler is hit by Stephane Yelle.
17:44 of 3rd period - Joe Thornton is hit by Aaron Ward and loses puck.
17:55 of 3rd period - Shot by Ryan Kesler.
17:55 of 3rd period - Deflect By Loui Eriksson.
17:55 of 3rd period - Shot Misses the Net.
18:12 of 3rd period - Joe Thornton is hit by Freddy Meyer and loses puck.
18:26 of 3rd period - Icing by Aaron Ward.
18:27 of 3rd period - Rob Niedermayer wins face-off versus David Backes in Wild zone.
18:38 of 3rd period - Minor Penalty to Aaron Ward for Slashing.
18:39 of 3rd period - Chris Drury wins face-off versus Joe Thornton in Wild zone.
18:59 of 3rd period - Shot by Duncan Keith.
18:59 of 3rd period - Stopped by Ilya Bryzgalov with a rebound.


Output by the SimonT Hockey Simulator (STHS) for Stephane Roy -- Original Page W3C XHTML 1.0 Valid